 Dungeon Crawl Stone Soup version 0.30-a0-1103-g25895a7845 (webtiles) character file.

Game seed: 5592764147118558965

167 voltaire321 the Magician (level 5, -4/29 HPs)
             Began as a Deep Elf Earth Elementalist on Apr 18, 2023.
             Succumbed to a water moccasin's poison
             ... on level 4 of the Dungeon.
             The game lasted 00:07:07 (2577 turns).

voltaire321 the Magician (DEEE)                     Turns: 2577, Time: 00:07:08

Health: -4/29      AC:  3    Str:  7    XL:     5   Next: 23%
Magic:  5/13       EV: 13    Int: 20    God:
Gold:   144        SH:  0    Dex: 15    Spells: 6/12 levels left

rFire   . . .      SeeInvis .    p - +3 dagger (venom)
rCold   . . .      Faith    .    (no shield)
rNeg    . . .      Spirit   .    a - +0 robe
rPois   .          Reflect  .    (no helmet)
rElec   .          Rampage  .    w - +0 cloak
rCorr   .                        (no gloves)
Will    +....                    (no boots)
Stlth   ++                       c - amulet of the acrobat
HPRegen 0.24/turn                l - ring of willpower
MPRegen 0.13/turn                (no ring)

@: lethally poisoned (-4 -> -33)
A: no striking features
a: no special abilities


You were on level 4 of the Dungeon.
You visited 1 branch of the dungeon, and saw 4 of its levels.

You collected 144 gold pieces.

Inventory:

Hand Weapons
 i - a +4 whip
 p - a +3 dagger of venom (weapon)
Armour
 a - a +0 robe (worn)
 w - a +0 cloak (worn)
Jewellery
 c - an amulet of the acrobat (around neck)
 l - a ring of willpower (left hand)
 s - an amulet of guardian spirit
Wands
 r - a wand of paralysis (2)
Scrolls
 d - a scroll of teleportation {unknown}
 e - a scroll of blinking {unknown}
 f - a scroll of magic mapping {unknown}
 h - 2 scrolls of identify {unknown}
 k - a scroll of noise {unknown}
 n - a scroll of fog {unknown}
 q - a scroll of fear {unknown}
Potions
 b - a potion of magic
 g - a potion of attraction {unknown}
 j - 2 potions of mutation {unknown}
 m - 3 potions of heal wounds {unknown}
 o - a potion of might {unknown}
 t - a potion of curing {unknown}
 u - a potion of flight {unknown}
 v - a potion of cancellation {unknown}


   Skills:
 + Level 1.3 Fighting
 + Level 1.3 Armour
 + Level 3.4 Dodging
 - Level 2.4 Stealth
 + Level 4.0 Spellcasting
 + Level 0.7 Conjurations
 + Level 2.4 Transmutations
 + Level 4.0 Earth Magic


You had 6 spell levels left.
You knew the following spells:

 Your Spells              Type           Power      Damage    Failure   Level
a - Sandblast             Erth           40%        2d10      2%          1
b - Stone Arrow           Conj/Erth      26%        3d8       14%         3
c - Passwall              Tmut/Erth      13%        N/A       5%          2

Your spell library contained the following spells:

 Spells                   Type           Power      Damage    Failure   Level
 Necrotise                Necr           16%        1d4       13%         1
 Petrify                  Tmut/Erth      16%        N/A       34%         4
 Vampiric Draining        Necr           4%         2d6       36%         3
 Agony                    Necr           4%         N/A       98%         5


Dungeon Overview and Level Annotations

Branches:
Dungeon (4/15)
 Temple: D:4-7

Altars:


Message History

A water moccasin comes into view.
Found a stone staircase leading down.
A worm comes into view.
Aiming: Sandblast (safe; 2% risk of failure)
Press: ? - help, Q - select action, (/) - cycle Shift-Dir - straight line, f - water moccasin
Aim: a water moccasin (72% to hit)
The blast of sand hits the water moccasin!
The water moccasin is moderately wounded.
The water moccasin bites you.
You are poisoned.
The water moccasin poisons you!
Casting: Sandblast (safe; 2% risk of failure)
Confirm with . or Enter, or press ? or * to list all spells.
The spell is quite dangerous to miscast (14% risk of failure)!
Continue anyway?
Aiming: Stone Arrow (quite dangerous; 14% risk of failure)
Press: ? - help, Shift-Dir - straight line, f/p - water moccasin
Aim: a water moccasin (moderately wounded, 48% to hit)
The stone arrow hits the water moccasin!
The water moccasin is almost dead.
You feel sick. The water moccasin bites you.
You are lethally poisoned!
The water moccasin poisons you!
Casting: Stone Arrow (quite dangerous; 14% risk of failure)
Confirm with . or Enter, or press ? or * to list all spells.
The spell is quite dangerous to miscast (14% risk of failure)!
Continue anyway?
Aiming: Stone Arrow (quite dangerous; 14% risk of failure)
Press: ? - help, Shift-Dir - straight line, f/p - water moccasin
Aim: a water moccasin (almost dead, 48% to hit)
The stone arrow misses the water moccasin.
You feel very sick. The water moccasin bites you.
You are more poisoned.
The water moccasin poisons you! The water moccasin bites you!
* * * LOW HITPOINT WARNING * * *
Aiming: Sandblast (safe; 2% risk of failure)
Press: ? - help, Q - select action, (/) - cycle Shift-Dir - straight line, f/p - water moccasin
Aim: a water moccasin (almost dead, 72% to hit)
The blast of sand hits the water moccasin!
You kill the water moccasin!
You die...

...#..#
...#>..
...w...
.......
.......
.......
.......###
......†@.#
########.#
#.# #.#
#.# #.#
#.# #.#
#.#


You could see a worm.

Vanquished Creatures
  A water moccasin (D:4)
  A scorpion (D:3)
  4 adders
  A worm (D:2)
  An orc (D:3)
  7 ball pythons
  8 bats
  5 endoplasms
  5 giant cockroaches
  7 goblins
  4 hobgoblins
  3 quokkas
  3 frilled lizards
  10 kobolds
  A rat (D:1)
61 creatures vanquished.

Notes
Turn   | Place    | Note
-------+----------+-------------------------------------------
     0 | D:1      | voltaire321 the Deep Elf Earth Elementalist began the quest
                  | for the Orb.
     0 | D:1      | Reached XP level 1. HP: 10/10 MP: 6/6
   212 | D:1      | Reached XP level 2. HP: 15/15 MP: 6/8
   865 | D:2      | Reached XP level 3. HP: 20/20 MP: 5/9
  1320 | D:2      | Reached skill level 1 in Armour
  1558 | D:2      | Reached XP level 4. HP: 24/24 MP: 9/11
  1561 | D:2      | Reached skill level 1 in Fighting
  1965 | D:3      | Learned a level 3 spell: Stone Arrow
  1968 | D:3      | Learned a level 2 spell: Passwall
  2137 | D:3      | Noticed a scorpion
  2143 | D:3      | Killed a scorpion
  2144 | D:3      | Reached XP level 5. HP: 29/29 MP: 4/13
  2547 | D:4      | Noticed an ogre
  2572 | D:4      | Noticed a water moccasin
  2577 | D:4      | Killed a water moccasin
  2577 | D:4      | Succumbed to a water moccasin's poison

Illustrated notes

Levels and vault maps discovered:
D:1:      scummos_arrival_simple_fountains, layout_loops_cross
D:2:      layout_basic
D:3:      layout_basic, serial_rivers, chequers_serial_rivers_micro_d,
          chequers_serial_rivers_micro_e, chequers_serial_rivers_micro_e,
          chequers_serial_rivers_micro_d
D:4:      layout_basic, minmay_temple_entry_butterflies

Skill      XL: |  1  2  3  4  5 |
---------------+----------------+-----
Dodging        | 3 |  3.4
Transmutations | 2 |  2.4
Armour         | 1 |  1.3
Fighting       | 1 |  1.3
Spellcasting   | 4 |  4.0
Earth Magic    | 4 |  4.0
Stealth        | |  2.4
Conjurations   | |  0.7

Action                     |  1- 3 |  4- 6 || total
---------------------------+-------+-------++-------
  Melee: Whip              |     3 |     6 ||     9
         Dagger            |       |     2 ||     2
   Cast: Sandblast         |    57 |    25 ||    82
         Stone Arrow       |       |     4 ||     4
 Armour: Robe              |     3 |     6 ||     9
  Dodge: Dodged            |    13 |    20 ||    33

Table legend: (Time is in decaauts)
 A = Elapsed time spent in this place.
 B = Non-inter-level travel time spent in this place.
 C = Inter-level travel time spent in this place.
 D = Time resting spent in this place.
 E = Time spent auto-exploring this place.
 F = Levels seen in this place.
 G = Mean time per level.
                   A        B        C        D        E       F      G
               +--------+--------+--------+--------+--------+-----+--------+
         Total |   2617 |   2535 |     82 |    274 |   1719 |   4 |  654.2 |
       Dungeon |   2617 |   2535 |     82 |    274 |   1719 |   4 |  654.2 |
               +--------+--------+--------+--------+--------+-----+--------+

Top non-repeatable levels by time:
     D:2: 1250 daAuts
     D:1: 679 daAuts
     D:3: 642 daAuts
     D:4: 45 daAuts
